 Dungeon Crawl Stone Soup version 0.17.1-3-g152610e (webtiles) character file.

226 dobroeutro the Chopper (level 5, -8/45 HPs)
             Began as a Minotaur Fighter on Apr 27, 2016.
             Killed by divine providence
             ... invoked by an orc priest
              (15 damage)
             ... on level 3 of the Dungeon.
             The game lasted 00:04:13 (1590 turns).

dobroeutro the Chopper (Minotaur Fighter)           Turns: 1590, Time: 00:04:14

Health: -8/45      AC:  9    Str: 21    XL:     5   Next: 69%
Magic:  4/4        EV:  7    Int:  5    God:
Gold:   156        SH:  9    Dex: 10    Spells: 0 memorised, 4 levels left

rFire  . . .     SeeInvis +     a - +0 war axe
rCold  . . .     Clarity  .     s - +0 chain mail
rNeg   . . .     SustAt   .     c - +0 shield
rPois  .         Gourm    .     (helmet restricted)
rElec  .         Spirit   .     (no cloak)
rCorr  .         Warding  .     (no gloves)
rMut   .         Stasis   .     (no boots)
MR     .....                    (no amulet)
Stlth  ..........               m - +2 ring of evasion
                                g - ring of see invisible

@: not resistant to hostile enchantments, extremely unstealthy
A: retaliatory headbutt, horns 2
a: no special abilities


You were on level 3 of the Dungeon.
You were not hungry.

You visited 1 branch of the dungeon, and saw 3 of its levels.

You collected 156 gold pieces.

Inventory:

Hand Weapons
 a - a +0 war axe (weapon)
Armour
 b - a +0 scale mail
 c - a +0 shield (worn)
 h - a troll hide {Purgy}
 s - a +0 chain mail (worn)
Jewellery
 g - a ring of see invisible (left hand)
 k - an uncursed ring of invisibility
 m - a +2 ring of evasion (right hand)
Scrolls
 f - 4 scrolls of identify {unknown}
 i - a scroll of immolation {unknown}
 l - a scroll of random uselessness {unknown}
 o - a scroll of fog {unknown}
 p - a scroll of enchant armour {unknown}
 r - a scroll of remove curse {unknown}
Potions
 d - a potion of might
 j - a potion of lignification {unknown}
Comestibles
 e - 2 bread rations
 n - 3 chunks of flesh
 q - a meat ration


   Skills:
 - Level 3.6 Fighting
 + Level 7.3 Axes
 - Level 3.6 Armour
 - Level 3.6 Shields


You had 4 spell levels left.
You didn't know any spells.

Dungeon Overview and Level Annotations

Branches:
Dungeon (3/15)

Altars:
Kikubaaqudgha
The Shining One


Innate Abilities, Weirdness & Mutations

You reflexively headbutt those who attack you in melee.
You have a pair of horns on your head.


Message History

The orc priest is too close now for your liking.
A goblin comes into view.
The goblin shouts!
There is a stone staircase leading down here.
The orc priest calls down the wrath of Beogh upon you.
Pain shoots through your body!
The orc priest calls down the wrath of Beogh upon you.
Something smites you!
* * * LOW HITPOINT WARNING * * *
You block the goblin's attack.
You are too injured to fight recklessly!
You are too injured to fight recklessly!
The goblin barely misses you.
You hit the orc priest.
The orc priest is lightly wounded.
You hit the goblin.
The goblin is severely wounded.
The orc priest mumbles some strange prayers to Beogh against you.
Something smites you!
You die...

##### ###.....#
####
....####....)###...
...............(.##
####.#..##........#
#...##########†.
#########....# ##.
#......#>.##.# ##
#....g...## ..
#....@..## .#
#....o..# #
#.......#
#.........#
####.####.# ... #.#
## #.# .#


You could see an orc priest and a goblin.

Vanquished Creatures
  Purgy (D:3)
  Terence (D:2)
  3 adders (D:2)
  2 oozes
  A worm (D:3)
  2 giant geckos (D:1)
  3 orcs
  5 bats
  5 giant cockroaches
  6 goblins
  8 hobgoblins
  6 jackals
  2 quokkas
  6 giant newts
  4 kobolds
  3 rats
58 creatures vanquished.

Notes
Turn   | Place    | Note
--------------------------------------------------------------
     0 | D:1      | dobroeutro the Minotaur Fighter began the quest for the Orb.
     0 | D:1      | Reached XP level 1. HP: 19/19 MP: 0/0
   116 | D:1      | Reached XP level 2. HP: 26/26 MP: 1/1
   149 | D:1      | Reached skill level 4 in Axes
   319 | D:1      | Reached XP level 3. HP: 31/31 MP: 2/2
   858 | D:2      | Noticed Terence
   873 | D:2      | Killed Terence
   873 | D:2      | Reached skill level 5 in Axes
   873 | D:2      | Reached XP level 4. HP: 39/39 MP: 3/3
   963 | D:2      | Found an ancient bone altar of Kikubaaqudgha.
  1083 | D:2      | Found a glowing golden altar of the Shining One.
  1213 | D:2      | Reached skill level 6 in Axes
  1259 | D:3      | Noticed Purgy
  1515 | D:3      | Killed Purgy
  1515 | D:3      | Reached skill level 7 in Axes
  1515 | D:3      | Reached XP level 5. HP: 21/45 MP: 4/4
  1590 | D:3      | Killed from afar by an orc priest

Action                   |  1- 3 |  4- 6 || total
-------------------------+-------+-------++-------
Melee: War axe           |    72 |    79 ||   151
  Use: Potion            |       |     3 ||     3
  Eat: Chunk             |       |     2 ||     2
